1830 views
Uploaded 2023-04-21 19:08:08
Game version 1.35 (6115)
18:24 long 4on4 ladder game on (8)NerubianPassage_S2
Saved by DKnight
1830 views
Uploaded 2023-04-21 19:08:08
Game version 1.35 (6115)
18:24 long 4on4 ladder game on (8)NerubianPassage_S2


138 units @ 18.6k
/ 2.1k
87 buildings @ 12.2k
/ 4.8k



| Rod of Necromancy | 4 | 600 |
| Orb of Corruption | 1 | 375 |
| Potion of Healing | 1 | 150 |
| Potion of Mana | 2 | 400 |
| Scroll of Healing | 2 | 500 |
| Potion of Lesser Invulnerability | 1 | 150 |
| Staff of Preservation | 1 | 150 |
| total: | 12 | 2325g |
| Acolyte | 8 | 600 | / | 0 |
| Ghoul | 3 | 360 | / | 0 |
| Crypt Fiend | 7 | 1505 | / | 280 |
| Obsidian Statue | 2 | 400 | / | 70 |
| Abomination | 3 | 720 | / | 210 |
| total: | 23 | 3585g | / | 560w |
| Crypt | 1 | 200 | / | 50 |
| Graveyard | 1 | 215 | / | 0 |
| Altar of Darkness | 1 | 180 | / | 50 |
| Ziggurat | 8 | 1200 | / | 400 |
| Tomb of Relics | 2 | 260 | / | 60 |
| Necropolis | 2 | 450 | / | 0 |
| Slaughterhouse | 2 | 280 | / | 270 |
| Halls of the Dead | 1 | 320 | / | 210 |
| Black Citadel | 1 | 325 | / | 230 |
| total: | 17 | 2785g | / | 830w |
| 0:03 | Acolyte |
| 0:08 | Crypt |
| 0:09 | Graveyard |
| 0:19 | Acolyte |
| 0:43 | Altar of Darkness |
| 0:57 | Ziggurat |
| 1:10 | Ghoul |
| 1:36 | Tomb of Relics |
| 1:39 | Tomb of Relics |
| 1:48 | Crypt Fiend |
| 2:01 | Ziggurat |
| 2:22 | Crypt Fiend |
| 2:45 | Rod of Necromancy |
| 2:49 | Death Coil |
| 2:59 | Crypt Fiend |
| 3:09 | Acolyte |
| 3:41 | Unholy Aura |
| 3:49 | Halls of the Dead |
| 3:53 | Rod of Necromancy |
| 4:02 | Ghoul |
| 4:30 | Ghoul |
| 4:56 | Creature Attack |
| 5:41 | Ziggurat |
| 5:54 | Necropolis |
| 6:13 | Death Coil |
| 6:20 | Necropolis |
| 6:29 | Black Citadel |
| 6:49 | Rod of Necromancy |
| 7:01 | Slaughterhouse |
| 7:09 | Ziggurat |
| 7:17 | Crypt Fiend |
| 7:48 | Burrow |
| 7:49 | Frost Nova |
| 8:01 | Acolyte |
| 8:01 | Acolyte |
| 8:01 | Acolyte |
| 8:01 | Acolyte |
| 8:34 | Ziggurat |
| 8:37 | Obsidian Statue |
| 8:37 | Obsidian Statue |
| 9:25 | Destroyer Form |
| 9:26 | Slaughterhouse |
| 9:27 | Improved Creature Attack |
| 9:44 | Frost Armor |
| 9:56 | Ziggurat |
| 9:57 | Ziggurat |
| 10:11 | Rod of Necromancy |
| 10:12 | Orb of Corruption |
| 10:29 | Breath of Fire |
| 10:38 | Crypt Fiend |
| 10:42 | Disease Cloud |
| 11:08 | Potion of Lesser Invulnerability |
| 11:10 | Scroll of Healing |
| 11:29 | Abomination |
| 11:30 | Unholy Strength |
| 11:43 | Unholy Armor |
| 12:03 | Potion of Healing |
| 12:03 | Potion of Mana |
| 12:03 | Scroll of Healing |
| 12:45 | Abomination |
| 12:46 | Improved Unholy Strength |
| 13:30 | Ziggurat |
| 13:35 | Staff of Preservation |
| 13:36 | Potion of Mana |
| 14:06 | Abomination |
| 14:59 | Crypt Fiend |
| 15:00 | Web |
| 15:15 | Unholy Aura |
| 15:25 | Drunken Haze |
| 15:36 | Advanced Unholy Strength |
| 15:37 | Acolyte |
| 16:36 | Frost Nova |
| 16:47 | Breath of Fire |
| 17:02 | Crypt Fiend |
| Right click | 1200 |
| Select | 522 |
| Select group | 293 |
| Build/train/purchase | 119 |
| Misc. action | 89 |
| Assign group | 56 |
| Chat | 41 |
| Use ability | 34 |
| Minimap ping | 8 |
| Item give/drop | 6 |


| Scroll of Regeneration | 6 | 600 |
| Potion of Healing | 4 | 600 |
| Lesser Clarity Potion | 2 | 140 |
| Staff of Sanctuary | 2 | 500 |
| Orb of Fire | 2 | 650 |
| Scroll of Town Portal | 3 | 1050 |
| Boots of Speed | 1 | 250 |
| Staff of Teleportation | 1 | 150 |
| total: | 21 | 3940g |
| Peasant | 17 | 1275 | / | 0 |
| Footman | 16 | 2160 | / | 0 |
| Mortar Team | 3 | 540 | / | 210 |
| Priest | 4 | 540 | / | 40 |
| Knight | 4 | 980 | / | 240 |
| Sorceress | 2 | 310 | / | 40 |
| Spell Breaker | 1 | 215 | / | 30 |
| total: | 47 | 6020g | / | 560w |
| Scout Tower | 9 | 270 | / | 180 |
| Arcane Tower | 2 | 140 | / | 100 |
| Guard Tower | 7 | 490 | / | 350 |
| Barracks | 1 | 160 | / | 60 |
| Farm | 9 | 720 | / | 180 |
| Altar of Kings | 2 | 360 | / | 100 |
| Arcane Vault | 2 | 260 | / | 60 |
| Town Hall | 1 | 385 | / | 205 |
| Lumber Mill | 1 | 120 | / | 0 |
| Blacksmith | 1 | 140 | / | 60 |
| Workshop | 3 | 420 | / | 420 |
| Arcane Sanctum | 2 | 300 | / | 280 |
| Keep | 2 | 640 | / | 420 |
| Castle | 1 | 360 | / | 210 |
| total: | 31 | 3135g | / | 1545w |
| 0:01 | Peasant |
| 0:06 | Barracks |
| 0:08 | Peasant |
| 0:17 | Peasant |
| 0:32 | Farm |
| 0:34 | Altar of Kings |
| 0:36 | Altar of Kings |
| 0:36 | Peasant |
| 0:47 | Farm |
| 0:53 | Peasant |
| 1:02 | Peasant |
| 1:08 | Footman |
| 1:15 | Peasant |
| 1:25 | Peasant |
| 1:29 | Footman |
| 1:36 | Farm |
| 1:44 | Peasant |
| 2:03 | Peasant |
| 2:19 | Howl of Terror |
| 2:50 | Peasant |
| 2:50 | Footman |
| 3:00 | Cleaving Attack |
| 3:02 | Footman |
| 3:18 | Footman |
| 3:20 | Peasant |
| 3:28 | Arcane Vault |
| 3:29 | Arcane Vault |
| 3:48 | Footman |
| 3:49 | Peasant |
| 3:53 | Peasant |
| 4:00 | Peasant |
| 4:04 | Footman |
| 4:27 | Town Hall |
| 4:39 | Scout Tower |
| 4:48 | Scroll of Regeneration |
| 4:50 | Cleaving Attack |
| 4:58 | Farm |
| 5:07 | Arcane Tower |
| 5:09 | Scout Tower |
| 5:11 | Lumber Mill |
| 5:20 | Farm |
| 5:23 | Scroll of Regeneration |
| 5:40 | Peasant |
| 5:42 | Defend |
| 5:54 | Scout Tower |
| 5:56 | Farm |
| 6:10 | Improved Lumber Harvesting |
| 6:11 | Peasant |
| 6:15 | Guard Tower |
| 6:23 | Scout Tower |
| 6:27 | Footman |
| 6:29 | Guard Tower |
| 6:33 | Scroll of Regeneration |
| 6:41 | Scout Tower |
| 6:44 | Footman |
| 6:53 | Guard Tower |
| 6:54 | Scout Tower |
| 7:24 | Arcane Tower |
| 7:25 | Scout Tower |
| 7:31 | Howl of Terror |
| 7:49 | Keep |
| 8:09 | Footman |
| 8:14 | Boots of Speed |
| 8:36 | Scout Tower |
| 8:39 | Guard Tower |
| 8:43 | Blacksmith |
| 9:33 | Footman |
| 9:34 | Guard Tower |
| 9:35 | Scout Tower |
| 9:36 | Improved Masonry |
| 9:36 | Advanced Masonry |
| 9:58 | Footman |
| 10:02 | Iron Forged Swords |
| 10:02 | Steel Forged Swords |
| 10:03 | Guard Tower |
| 10:12 | Castle |
| 10:20 | Workshop |
| 10:23 | Workshop |
| 10:25 | Workshop |
| 10:27 | Arcane Sanctum |
| 10:44 | Footman |
| 11:01 | Staff of Teleportation |
| 11:28 | Footman |
| 11:29 | Mortar Team |
| 11:52 | Footman |
| 11:53 | Priest |
| 11:55 | Potion of Healing |
| 11:57 | Potion of Healing |
| 12:09 | Priest |
| 12:13 | Advanced Lumber Harvesting |
| 12:16 | Mithril Forged Swords |
| 12:16 | Iron Plating |
| 12:24 | Lesser Clarity Potion |
| 12:26 | Scroll of Regeneration |
| 12:31 | Footman |
| 12:32 | Mortar Team |
| 12:53 | Knight |
| 13:01 | Sorceress |
| 13:04 | Potion of Healing |
| 13:04 | Staff of Sanctuary |
| 13:06 | Orb of Fire |
| 13:20 | Arcane Sanctum |
| 13:32 | Scroll of Town Portal |
| 13:40 | Priest |
| 13:54 | Animal War Training |
| 13:56 | Priest |
| 13:57 | Priest Adept Training |
| 14:13 | Fragmentation Shards |
| 14:15 | Black Gunpowder |
| 14:45 | Lesser Clarity Potion |
| 14:47 | Scroll of Regeneration |
| 14:51 | Scroll of Town Portal |
| 14:53 | Knight |
| 14:56 | Steel Plating |
| 14:57 | Sorceress Adept Training |
| 14:57 | Sorceress Master Training |
| 14:59 | Farm |
| 15:15 | Mortar Team |
| 15:19 | Farm |
| 15:21 | Farm |
| 15:25 | Sorceress |
| 15:29 | Knight |
| 16:04 | Spell Breaker |
| 16:36 | Scroll of Regeneration |
| 16:39 | Scroll of Town Portal |
| 16:40 | Potion of Healing |
| 16:41 | Staff of Sanctuary |
| 16:47 | Orb of Fire |
| 16:53 | Knight |
| 17:10 | Storm Bolt |
| Right click | 837 |
| Select group | 464 |
| Select | 456 |
| Build/train/purchase | 202 |
| Assign group | 36 |
| Use ability | 24 |
| Misc. action | 12 |
| Item give/drop | 5 |
| Resource trade | 4 |
| Esc | 3 |
| Minimap ping | 1 |

| Lesser Clarity Potion | 4 | 280 |
| Orb of Venom | 1 | 325 |
| Scroll of Town Portal | 3 | 1050 |
| total: | 8 | 1655g |
| Wisp | 15 | 900 | / | 0 |
| Huntress | 15 | 2925 | / | 300 |
| Faerie Dragon | 6 | 930 | / | 150 |
| total: | 36 | 4755g | / | 450w |
| Moon Well | 5 | 900 | / | 200 |
| Altar of Elders | 1 | 180 | / | 50 |
| Ancient of War | 2 | 300 | / | 120 |
| Hunter's Hall | 1 | 210 | / | 100 |
| Ancient of Wonders | 1 | 90 | / | 30 |
| Ancient of Wind | 1 | 150 | / | 140 |
| Tree of Ages | 1 | 320 | / | 180 |
| Tree of Eternity | 1 | 330 | / | 200 |
| total: | 11 | 1830g | / | 640w |
| 0:03 | Wisp |
| 0:03 | Wisp |
| 0:03 | Wisp |
| 0:09 | Wisp |
| 0:17 | Moon Well |
| 0:35 | Altar of Elders |
| 0:37 | Wisp |
| 0:51 | Wisp |
| 0:59 | Wisp |
| 1:12 | Moon Well |
| 1:13 | Wisp |
| 1:39 | Ancient of War |
| 1:40 | Wisp |
| 1:56 | Hunter's Hall |
| 1:59 | Wisp |
| 2:13 | Ancient of Wonders |
| 2:15 | Wisp |
| 2:29 | Moon Well |
| 2:41 | Force of Nature |
| 2:43 | Wisp |
| 2:55 | Moon Well |
| 3:11 | Huntress |
| 3:31 | Huntress |
| 3:48 | Wisp |
| 3:53 | Wisp |
| 4:15 | Huntress |
| 4:20 | Sentinel |
| 4:22 | Strength of the Moon |
| 4:28 | Lesser Clarity Potion |
| 5:13 | Thorns Aura |
| 5:16 | Tree of Ages |
| 5:20 | Lesser Clarity Potion |
| 5:59 | Huntress |
| 6:53 | Moon Armor |
| 7:39 | Nature's Blessing |
| 7:44 | Force of Nature |
| 7:53 | Ancient of Wind |
| 7:54 | Wisp |
| 7:56 | Moon Glaive |
| 8:07 | Improved Strength of the Moon |
| 9:24 | Faerie Dragon |
| 9:25 | Faerie Dragon |
| 9:27 | Huntress |
| 9:37 | Tree of Eternity |
| 9:42 | Lesser Clarity Potion |
| 9:49 | Scroll of Town Portal |
| 10:17 | Faerie Dragon |
| 10:41 | Huntress |
| 10:44 | Improved Moon Armor |
| 12:23 | Huntress |
| 12:23 | Huntress |
| 12:23 | Huntress |
| 12:27 | Ancient of War |
| 12:58 | Faerie Dragon |
| 12:58 | Faerie Dragon |
| 13:18 | Thorns Aura |
| 13:26 | Advanced Strength of the Moon |
| 13:32 | Lesser Clarity Potion |
| 13:33 | Orb of Venom |
| 13:46 | Huntress |
| 13:59 | Huntress |
| 14:02 | Huntress |
| 14:49 | Scroll of Town Portal |
| 14:55 | Huntress |
| 15:07 | Moon Well |
| 16:16 | Huntress |
| 16:19 | Scroll of Town Portal |
| 16:31 | Faerie Dragon |
| 17:37 | Huntress |
| Right click | 550 |
| Select | 377 |
| Select group | 167 |
| Build/train/purchase | 67 |
| Assign group | 32 |
| Use ability | 32 |
| Misc. action | 11 |
| Resource trade | 7 |
| Chat | 4 |
| Item give/drop | 3 |
| Minimap ping | 2 |


| Rod of Necromancy | 2 | 300 |
| Sacrificial Skull | 1 | 50 |
| Potion of Healing | 3 | 450 |
| Orb of Corruption | 1 | 375 |
| Scroll of Healing | 3 | 750 |
| Potion of Lesser Invulnerability | 1 | 150 |
| Circlet of Nobility | 1 | 175 |
| total: | 12 | 2250g |
| Acolyte | 15 | 1125 | / | 0 |
| Ghoul | 9 | 1080 | / | 0 |
| Obsidian Statue | 2 | 400 | / | 70 |
| Necromancer | 3 | 435 | / | 60 |
| Frost Wyrm | 3 | 1155 | / | 360 |
| total: | 32 | 4195g | / | 490w |
| Nerubian Tower | 4 | 400 | / | 80 |
| Spirit Tower | 2 | 290 | / | 80 |
| Altar of Darkness | 2 | 360 | / | 100 |
| Crypt | 1 | 200 | / | 50 |
| Ziggurat | 16 | 2400 | / | 800 |
| Tomb of Relics | 2 | 260 | / | 60 |
| Necropolis | 1 | 225 | / | 0 |
| Graveyard | 1 | 215 | / | 0 |
| Temple of the Damned | 2 | 310 | / | 280 |
| Slaughterhouse | 1 | 140 | / | 135 |
| Boneyard | 2 | 350 | / | 400 |
| Halls of the Dead | 1 | 320 | / | 210 |
| Black Citadel | 2 | 650 | / | 460 |
| total: | 28 | 4460g | / | 1825w |
| 0:02 | Acolyte |
| 0:05 | Altar of Darkness |
| 0:06 | Crypt |
| 0:08 | Altar of Darkness |
| 0:24 | Ziggurat |
| 0:33 | Acolyte |
| 0:33 | Acolyte |
| 0:50 | Acolyte |
| 1:21 | Tomb of Relics |
| 1:23 | Ghoul |
| 1:31 | Ziggurat |
| 1:33 | Ziggurat |
| 1:34 | Acolyte |
| 1:41 | Ghoul |
| 1:55 | Ghoul |
| 2:30 | Rod of Necromancy |
| 2:30 | Sacrificial Skull |
| 2:34 | Death Coil |
| 2:35 | Ghoul |
| 2:36 | Ghoul |
| 3:00 | Ghoul |
| 3:32 | Halls of the Dead |
| 4:27 | Necropolis |
| 4:37 | Ghoul |
| 4:44 | Unholy Aura |
| 4:47 | Graveyard |
| 5:09 | Ziggurat |
| 5:14 | Ziggurat |
| 5:16 | Ziggurat |
| 5:46 | Rod of Necromancy |
| 6:11 | Acolyte |
| 6:11 | Acolyte |
| 6:12 | Acolyte |
| 6:19 | Acolyte |
| 6:30 | Temple of the Damned |
| 7:16 | Death Coil |
| 7:18 | Black Citadel |
| 7:20 | Slaughterhouse |
| 7:22 | Nerubian Tower |
| 7:22 | Spirit Tower |
| 7:25 | Nerubian Tower |
| 7:28 | Tomb of Relics |
| 8:02 | Frost Nova |
| 8:10 | Necromancer Adept Training |
| 8:12 | Temple of the Damned |
| 8:34 | Acolyte |
| 8:37 | Ziggurat |
| 8:43 | Obsidian Statue |
| 8:58 | Necromancer |
| 8:58 | Necromancer |
| 8:58 | Necromancer |
| 9:38 | Potion of Healing |
| 9:41 | Potion of Healing |
| 9:49 | Orb of Corruption |
| 9:50 | Scroll of Healing |
| 10:39 | Acolyte |
| 10:39 | Acolyte |
| 10:39 | Acolyte |
| 10:39 | Acolyte |
| 10:40 | Acolyte |
| 10:51 | Ghoul |
| 10:51 | Ghoul |
| 11:06 | Necromancer Master Training |
| 11:07 | Boneyard |
| 11:32 | Ziggurat |
| 11:32 | Ziggurat |
| 11:34 | Ziggurat |
| 11:42 | Boneyard |
| 12:38 | Freezing Breath |
| 13:08 | Nerubian Tower |
| 13:08 | Nerubian Tower |
| 13:09 | Spirit Tower |
| 14:02 | Frost Wyrm |
| 14:08 | Potion of Healing |
| 14:09 | Scroll of Healing |
| 14:20 | Ziggurat |
| 14:21 | Ziggurat |
| 14:21 | Ziggurat |
| 14:22 | Ziggurat |
| 14:33 | Unholy Strength |
| 14:33 | Improved Unholy Strength |
| 14:34 | Creature Attack |
| 14:34 | Improved Creature Attack |
| 15:12 | Creature Carapace |
| 15:17 | Potion of Lesser Invulnerability |
| 15:19 | Scroll of Healing |
| 15:20 | Circlet of Nobility |
| 15:29 | Obsidian Statue |
| 15:32 | Frost Wyrm |
| 16:32 | Frost Wyrm |
| 17:37 | Ziggurat |
| 17:38 | Ziggurat |
| Right click | 1056 |
| Select group | 746 |
| Select | 317 |
| Build/train/purchase | 120 |
| Use ability | 48 |
| Assign group | 45 |
| Misc. action | 42 |
| Esc | 5 |
| Minimap ping | 1 |
127 units @ 17.1k
/ 2.7k
69 buildings @ 10k
/ 3.9k


| Rod of Necromancy | 3 | 450 |
| Orb of Corruption | 1 | 375 |
| Potion of Healing | 1 | 150 |
| Potion of Mana | 1 | 200 |
| Scroll of Town Portal | 1 | 350 |
| Scroll of Healing | 2 | 500 |
| Potion of Lesser Invulnerability | 1 | 150 |
| total: | 10 | 2175g |
| Acolyte | 10 | 750 | / | 0 |
| Ghoul | 3 | 360 | / | 0 |
| Crypt Fiend | 10 | 2150 | / | 400 |
| Obsidian Statue | 6 | 1200 | / | 210 |
| total: | 29 | 4460g | / | 610w |
| Nerubian Tower | 2 | 200 | / | 40 |
| Spirit Tower | 4 | 580 | / | 160 |
| Crypt | 1 | 200 | / | 50 |
| Graveyard | 1 | 215 | / | 0 |
| Altar of Darkness | 1 | 180 | / | 50 |
| Ziggurat | 7 | 1050 | / | 350 |
| Tomb of Relics | 1 | 130 | / | 30 |
| Necropolis | 1 | 225 | / | 0 |
| Slaughterhouse | 2 | 280 | / | 270 |
| Halls of the Dead | 2 | 640 | / | 420 |
| Black Citadel | 1 | 325 | / | 230 |
| total: | 14 | 2280g | / | 750w |
| 0:02 | Acolyte |
| 0:03 | Acolyte |
| 0:08 | Crypt |
| 0:36 | Graveyard |
| 0:48 | Altar of Darkness |
| 0:56 | Ziggurat |
| 1:10 | Ghoul |
| 1:24 | Tomb of Relics |
| 1:49 | Ghoul |
| 1:54 | Ziggurat |
| 2:18 | Crypt Fiend |
| 2:50 | Rod of Necromancy |
| 2:56 | Death Coil |
| 2:58 | Crypt Fiend |
| 3:24 | Halls of the Dead |
| 3:41 | Crypt Fiend |
| 3:51 | Rod of Necromancy |
| 4:25 | Crypt Fiend |
| 4:29 | Ziggurat |
| 4:37 | Unholy Aura |
| 5:07 | Ghoul |
| 5:30 | Crypt Fiend |
| 6:06 | Death Coil |
| 6:07 | Acolyte |
| 6:36 | Slaughterhouse |
| 6:45 | Rod of Necromancy |
| 6:47 | Acolyte |
| 7:08 | Necropolis |
| 7:12 | Frost Nova |
| 7:50 | Black Citadel |
| 7:54 | Ziggurat |
| 7:56 | Ziggurat |
| 8:18 | Creature Attack |
| 8:40 | Web |
| 8:43 | Creature Carapace |
| 8:44 | Obsidian Statue |
| 9:01 | Nerubian Tower |
| 9:06 | Spirit Tower |
| 9:13 | Acolyte |
| 9:14 | Acolyte |
| 9:27 | Dark Ritual |
| 9:31 | Death Pact |
| 9:34 | Ziggurat |
| 9:58 | Acolyte |
| 9:59 | Acolyte |
| 9:59 | Acolyte |
| 9:59 | Acolyte |
| 10:02 | Improved Creature Attack |
| 10:26 | Orb of Corruption |
| 10:43 | Destroyer Form |
| 10:47 | Nerubian Tower |
| 11:54 | Crypt Fiend |
| 11:55 | Obsidian Statue |
| 12:17 | Crypt Fiend |
| 12:18 | Obsidian Statue |
| 12:54 | Crypt Fiend |
| 12:55 | Obsidian Statue |
| 12:56 | Advanced Creature Attack |
| 12:57 | Improved Creature Carapace |
| 13:03 | Obsidian Statue |
| 13:23 | Slaughterhouse |
| 13:26 | Scroll of Town Portal |
| 13:26 | Scroll of Healing |
| 13:27 | Potion of Healing |
| 13:28 | Potion of Mana |
| 13:43 | Ziggurat |
| 15:11 | Spirit Tower |
| 15:16 | Crypt Fiend |
| 15:30 | Potion of Lesser Invulnerability |
| 15:30 | Scroll of Healing |
| 16:25 | Crypt Fiend |
| 16:27 | Advanced Creature Carapace |
| 17:16 | Obsidian Statue |
| 17:31 | Frost Nova |
| 18:00 | Death Coil |
| 18:15 | Dark Ritual |
| Right click | 919 |
| Select group | 730 |
| Select | 326 |
| Build/train/purchase | 111 |
| Misc. action | 97 |
| Use ability | 47 |
| Assign group | 32 |
| Item give/drop | 1 |
| Remove unit | 1 |
| Minimap ping | 1 |



| Healing Salve | 5 | 500 |
| Lesser Clarity Potion | 4 | 280 |
| Orb of Lightning | 2 | 750 |
| Scroll of Town Portal | 2 | 700 |
| Potion of Lesser Invulnerability | 1 | 150 |
| Alleria's Flute of Accuracy | 1 | 400 |
| Hood of Cunning | 1 | 500 |
| Boots of Quel'Thalas +6 | 1 | 400 |
| total: | 17 | 3680g |
| Peon | 11 | 825 | / | 0 |
| Troll Headhunter | 12 | 1680 | / | 240 |
| Shaman | 5 | 650 | / | 100 |
| Troll Berserker | 5 | 700 | / | 100 |
| Troll Witch Doctor | 3 | 435 | / | 75 |
| Kodo Beast | 1 | 255 | / | 60 |
| Goblin Shredder | 2 | 750 | / | 200 |
| total: | 39 | 5295g | / | 775w |
| Altar of Storms | 1 | 180 | / | 50 |
| Orc Burrow | 7 | 1120 | / | 280 |
| War Mill | 1 | 205 | / | 0 |
| Barracks | 1 | 180 | / | 50 |
| Voodoo Lounge | 1 | 130 | / | 30 |
| Great Hall | 1 | 385 | / | 185 |
| Spirit Lodge | 3 | 450 | / | 450 |
| Beastiary | 1 | 145 | / | 140 |
| Stronghold | 2 | 630 | / | 380 |
| Fortress | 3 | 975 | / | 570 |
| total: | 16 | 2795g | / | 1185w |
| 0:03 | Peon |
| 0:03 | Peon |
| 0:04 | Altar of Storms |
| 0:15 | Orc Burrow |
| 0:29 | Peon |
| 0:29 | Peon |
| 0:54 | War Mill |
| 1:10 | Barracks |
| 1:18 | Peon |
| 1:18 | Peon |
| 1:36 | Peon |
| 1:36 | Peon |
| 1:41 | Orc Burrow |
| 1:46 | Peon |
| 1:46 | Peon |
| 1:46 | Peon |
| 2:21 | Pillage |
| 2:22 | Troll Headhunter |
| 2:22 | Troll Headhunter |
| 2:30 | Voodoo Lounge |
| 2:32 | Troll Headhunter |
| 2:32 | Troll Headhunter |
| 2:39 | Critical Strike |
| 2:48 | Troll Headhunter |
| 2:58 | Troll Headhunter |
| 2:58 | Troll Headhunter |
| 3:15 | Stronghold |
| 3:26 | Troll Headhunter |
| 3:53 | Troll Headhunter |
| 3:54 | Troll Headhunter |
| 4:06 | Wind Walk |
| 4:09 | Troll Headhunter |
| 4:10 | Orc Burrow |
| 4:27 | Troll Headhunter |
| 4:28 | Healing Salve |
| 5:15 | Wind Walk |
| 5:15 | Wind Walk |
| 5:28 | Healing Salve |
| 5:31 | Lesser Clarity Potion |
| 5:33 | Healing Salve |
| 5:38 | Troll Regeneration |
| 6:15 | Goblin Shredder |
| 6:16 | Goblin Shredder |
| 6:39 | War Stomp |
| 6:41 | Spirit Lodge |
| 6:44 | Spirit Lodge |
| 7:11 | Fortress |
| 7:30 | Great Hall |
| 7:35 | Reinforced Defenses |
| 7:44 | Endurance Aura |
| 7:56 | Potion of Lesser Invulnerability |
| 8:01 | Shaman Adept Training |
| 8:04 | Spirit Lodge |
| 8:34 | Steel Ranged Weapons |
| 8:35 | Steel Armor |
| 8:41 | Critical Strike |
| 9:28 | Healing Salve |
| 9:28 | Lesser Clarity Potion |
| 9:47 | Berserker Upgrade |
| 9:47 | Shaman Master Training |
| 9:47 | Witch Doctor Adept Training |
| 10:02 | Orc Burrow |
| 10:15 | Thorium Ranged Weapons |
| 10:42 | Shaman |
| 10:42 | Shaman |
| 10:44 | Thorium Armor |
| 10:46 | Orc Burrow |
| 10:48 | Orc Burrow |
| 10:50 | Orc Burrow |
| 10:55 | Witch Doctor Master Training |
| 11:07 | Orb of Lightning |
| 11:33 | Healing Wave |
| 12:50 | Endurance Aura |
| 12:56 | Troll Berserker |
| 12:56 | Troll Berserker |
| 12:57 | Troll Witch Doctor |
| 12:57 | Shaman |
| 13:26 | Lesser Clarity Potion |
| 13:26 | Orb of Lightning |
| 13:29 | Healing Salve |
| 13:29 | Lesser Clarity Potion |
| 13:45 | Shaman |
| 13:45 | Troll Witch Doctor |
| 13:48 | Beastiary |
| 13:50 | Arcanite Ranged Weapons |
| 13:50 | Arcanite Armor |
| 14:06 | Alleria's Flute of Accuracy |
| 14:07 | Hood of Cunning |
| 14:08 | Boots of Quel'Thalas +6 |
| 14:55 | Kodo Beast |
| 14:57 | Shaman |
| 15:23 | War Drums Damage Increase |
| 15:25 | Troll Witch Doctor |
| 15:48 | Scroll of Town Portal |
| 15:48 | Scroll of Town Portal |
| 16:20 | Hex |
| 16:28 | Troll Berserker |
| 16:29 | Troll Berserker |
| 16:29 | Troll Berserker |
| 17:23 | Critical Strike |
| 18:05 | Healing Wave |
| 18:13 | War Stomp |
| Right click | 943 |
| Select group | 569 |
| Select | 392 |
| Misc. action | 192 |
| Build/train/purchase | 164 |
| Use ability | 48 |
| Assign group | 39 |
| Esc | 11 |
| Item give/drop | 8 |
| Minimap ping | 8 |
| Chat | 7 |


| Staff of Preservation | 2 | 300 |
| Potion of Healing | 1 | 150 |
| Scroll of Healing | 1 | 250 |
| Scroll of Town Portal | 2 | 700 |
| Boots of Speed | 1 | 250 |
| Scroll of Protection | 1 | 150 |
| Ring of Regeneration | 1 | 300 |
| total: | 9 | 2100g |
| Wisp | 14 | 840 | / | 0 |
| Archer | 11 | 1430 | / | 110 |
| Mountain Giant | 3 | 1050 | / | 300 |
| Dryad | 6 | 870 | / | 360 |
| total: | 34 | 4190g | / | 770w |
| Altar of Elders | 1 | 180 | / | 50 |
| Moon Well | 5 | 900 | / | 200 |
| Ancient of War | 1 | 150 | / | 60 |
| Ancient of Wonders | 1 | 90 | / | 30 |
| Hunter's Hall | 1 | 210 | / | 100 |
| Tree of Life | 1 | 340 | / | 185 |
| Ancient of Lore | 2 | 310 | / | 290 |
| Tree of Ages | 1 | 320 | / | 180 |
| Tree of Eternity | 2 | 660 | / | 400 |
| total: | 12 | 2180g | / | 915w |
| 0:08 | Wisp |
| 0:08 | Wisp |
| 0:09 | Wisp |
| 0:09 | Wisp |
| 0:09 | Wisp |
| 0:09 | Wisp |
| 0:09 | Wisp |
| 0:09 | Wisp |
| 0:29 | Altar of Elders |
| 0:41 | Moon Well |
| 0:58 | Ancient of War |
| 1:02 | Wisp |
| 1:45 | Moon Well |
| 2:04 | Archer |
| 2:04 | Archer |
| 2:07 | Ancient of Wonders |
| 2:25 | Moon Well |
| 2:45 | Archer |
| 2:46 | Archer |
| 2:56 | Wisp |
| 2:56 | Wisp |
| 2:56 | Wisp |
| 2:57 | Wisp |
| 2:59 | Wisp |
| 3:17 | Cleaving Attack |
| 3:45 | Moon Well |
| 4:01 | Tree of Ages |
| 4:02 | Archer |
| 4:21 | Howl of Terror |
| 4:26 | Archer |
| 4:27 | Archer |
| 4:32 | Hunter's Hall |
| 5:03 | Archer |
| 5:05 | Moon Well |
| 5:46 | Cleaving Attack |
| 5:53 | Archer |
| 5:55 | Strength of the Moon |
| 6:27 | Improved Bows |
| 6:34 | Ancient of Lore |
| 6:37 | Boots of Speed |
| 7:00 | Tree of Eternity |
| 7:36 | Staff of Preservation |
| 7:36 | Potion of Healing |
| 7:43 | Trueshot Aura |
| 8:14 | Howl of Terror |
| 8:39 | Mountain Giant |
| 8:39 | Mountain Giant |
| 8:41 | Archer |
| 8:52 | Scroll of Healing |
| 8:53 | Scroll of Protection |
| 9:00 | Archer |
| 9:05 | Reinforced Hides |
| 9:51 | Marksmanship |
| 9:53 | Improved Strength of the Moon |
| 9:54 | Well Spring |
| 9:56 | Hardened Skin |
| 9:56 | Resistant Skin |
| 10:52 | Scroll of Town Portal |
| 11:00 | Mountain Giant |
| 11:47 | Dryad |
| 11:47 | Dryad |
| 12:02 | Searing Arrows |
| 12:12 | Tree of Life |
| 12:40 | Ring of Regeneration |
| 13:00 | Abolish Magic |
| 13:02 | Improved Reinforced Hides |
| 13:15 | Ancient of Lore |
| 14:13 | Dryad |
| 14:15 | Strength of the Wild |
| 15:25 | Cleaving Attack |
| 15:37 | Dryad |
| 15:52 | Scroll of Town Portal |
| 15:52 | Staff of Preservation |
| 16:05 | Dryad |
| 16:19 | Dryad |
| 17:20 | Trueshot Aura |
| 18:13 | Doom |
| Select group | 477 |
| Right click | 402 |
| Select | 273 |
| Misc. action | 118 |
| Build/train/purchase | 97 |
| Assign group | 42 |
| Use ability | 4 |
| Item give/drop | 3 |
| Minimap ping | 1 |



| Potion of Healing | 1 | 150 |
| Lesser Clarity Potion | 1 | 70 |
| Staff of Sanctuary | 1 | 250 |
| Scroll of Town Portal | 2 | 700 |
| Boots of Speed | 1 | 250 |
| Potion of Lesser Invulnerability | 1 | 150 |
| total: | 7 | 1570g |
| Peasant | 11 | 825 | / | 0 |
| Rifleman | 7 | 1435 | / | 210 |
| Mortar Team | 3 | 540 | / | 210 |
| Flying Machine | 4 | 400 | / | 120 |
| total: | 25 | 3200g | / | 540w |
| Scout Tower | 3 | 90 | / | 60 |
| Guard Tower | 1 | 70 | / | 50 |
| Altar of Kings | 2 | 360 | / | 100 |
| Farm | 13 | 1040 | / | 260 |
| Blacksmith | 2 | 280 | / | 120 |
| Barracks | 1 | 160 | / | 60 |
| Arcane Vault | 2 | 260 | / | 60 |
| Lumber Mill | 1 | 120 | / | 0 |
| Workshop | 3 | 420 | / | 420 |
| Keep | 1 | 320 | / | 210 |
| Castle | 1 | 360 | / | 210 |
| total: | 27 | 2730g | / | 1080w |
| 0:02 | Peasant |
| 0:04 | Altar of Kings |
| 0:05 | Peasant |
| 0:07 | Altar of Kings |
| 0:08 | Peasant |
| 0:19 | Farm |
| 0:22 | Farm |
| 0:23 | Farm |
| 0:26 | Peasant |
| 0:48 | Blacksmith |
| 1:01 | Peasant |
| 1:07 | Peasant |
| 1:18 | Blacksmith |
| 1:19 | Barracks |
| 1:26 | Peasant |
| 1:35 | Peasant |
| 1:41 | Farm |
| 1:56 | Peasant |
| 2:08 | Holy Light |
| 2:31 | Peasant |
| 2:32 | Rifleman |
| 2:47 | Rifleman |
| 2:58 | Peasant |
| 3:26 | Devotion Aura |
| 3:41 | Keep |
| 3:47 | Farm |
| 4:17 | Rifleman |
| 4:43 | Rifleman |
| 4:47 | Farm |
| 4:49 | Holy Light |
| 5:30 | Arcane Vault |
| 5:41 | Farm |
| 5:47 | Scout Tower |
| 5:47 | Scout Tower |
| 5:50 | Scout Tower |
| 6:00 | Rifleman |
| 6:21 | Boots of Speed |
| 6:27 | Castle |
| 6:55 | Workshop |
| 7:24 | Devotion Aura |
| 7:35 | Rifleman |
| 7:49 | Siphon Mana |
| 8:20 | Workshop |
| 8:24 | Lumber Mill |
| 8:40 | Potion of Lesser Invulnerability |
| 9:43 | Rifleman |
| 10:34 | Potion of Healing |
| 10:35 | Lesser Clarity Potion |
| 10:39 | Scroll of Town Portal |
| 10:39 | Staff of Sanctuary |
| 10:51 | Workshop |
| 10:52 | Fragmentation Shards |
| 10:53 | Flare |
| 10:53 | Mortar Team |
| 10:58 | Banish |
| 10:59 | Storm Bolt |
| 11:17 | Farm |
| 11:18 | Farm |
| 13:23 | Mortar Team |
| 13:31 | Black Gunpowder |
| 13:31 | Studded Leather Armor |
| 14:51 | Guard Tower |
| 14:59 | Mortar Team |
| 15:16 | Improved Masonry |
| 15:20 | Scroll of Town Portal |
| 16:23 | Farm |
| 16:23 | Farm |
| 16:28 | Advanced Masonry |
| 16:36 | Long Rifles |
| 17:03 | Flying Machine Bombs |
| 17:04 | Flak Cannons |
| 17:04 | Flying Machine |
| 17:04 | Flying Machine |
| 17:04 | Flying Machine |
| 17:05 | Flying Machine |
| 17:21 | Bash |
| 17:39 | Arcane Vault |
| 17:50 | Farm |
| 17:51 | Farm |
| Select group | 848 |
| Right click | 615 |
| Select | 304 |
| Misc. action | 131 |
| Build/train/purchase | 72 |
| Use ability | 44 |
| Assign group | 28 |
| Minimap ping | 7 |
| Chat | 6 |
| Esc | 5 |
| Item give/drop | 1 |